 Dungeon Crawl Stone Soup version 0.29-a0-802-g34511f41fd (webtiles) character file.

Game seed: 9965489032670143267

49 gobodom the Digger (level 3, -2/19 HPs)
             Began as a Gargoyle Earth Elementalist on July 3, 2022.
             Slain by a goblin
             ... wielding a +0 club
             ... led by Robin
              (3 damage)
             ... on level 2 of the Dungeon.
             The game lasted 00:06:16 (1759 turns).

gobodom the Digger (Gargoyle Earth Elementalist)    Turns: 1759, Time: 00:06:16

Health: -2/19      AC:  5    Str: 11    XL:     3   Next: 77%
Magic:  1/6        EV: 12    Int: 17    God:
Gold:   87         SH:  0    Dex: 10    Spells: 5/6 levels left

rFire   . . .      SeeInvis .   n - +0 short sword (speed)
rCold   . . .      Faith    .   (no shield)
rNeg    + . .      Spirit   .   a - +0 robe
rPois   ∞          Reflect  .   (no helmet)
rElec   +          Harm     .   (no cloak)
rCorr   .          Rampage  .   (no gloves)
Will    +....                   (no boots)
Stlth   ++........              (no amulet)
HPRegen 0.06/turn               e - ring of willpower
MPRegen 0.10/turn               (no ring)

@: no status effects
A: sickness immunity, AC +3, negative energy resistance 1, electricity
resistance, torment resistance 1, petrification resistance
a: no special abilities


You were on level 2 of the Dungeon.
You visited 1 branch of the dungeon, and saw 2 of its levels.

You collected 87 gold pieces.

Inventory:

Hand Weapons
 n - a +0 short sword of speed (weapon)
Missiles
 k - 2 poisoned darts
 o - 4 boomerangs
Armour
 a - a +0 robe (worn)
Jewellery
 e - a ring of willpower (left hand)
Scrolls
 d - a scroll of identify {unknown}
 h - 2 scrolls of teleportation {unknown}
 i - 2 scrolls of noise {unknown}
Potions
 b - a potion of magic
 c - a potion of resistance {unknown}
 f - a potion of mutation {unknown}
 g - 3 potions of heal wounds {unknown}
 j - a potion of flight {unknown}
 l - a potion of curing {unknown}
 m - 2 potions of berserk rage {unknown}


   Skills:
 + Level 0.1 Short Blades
 + Level 2.0 Dodging
 + Level 2.2 Stealth
 + Level 2.4 Spellcasting
 + Level 0.7 Transmutations
 + Level 4.7 Earth Magic


You had 5 spell levels left.
You knew the following spells:

 Your Spells              Type           Power      Damage    Failure   Level
a - Sandblast             Erth           36%        2d10      2%          1

Your spell library contained the following spells:

 Spells                   Type           Power      Damage    Failure   Level
 Passwall                 Tmut/Erth      9%         N/A       9%          2
 Stone Arrow              Conj/Erth      20%        3d8       21%         3
 Petrify                  Tmut/Erth      11%        N/A       52%         4


Dungeon Overview and Level Annotations

Branches:
Dungeon (2/15)

Altars:

Annotations:
D:2 Robin


Innate Abilities, Weirdness & Mutations

You are immune to sickness and miasma.
Your stone body is resilient. (AC +3)
You are immune to poison.
You resist negative energy. (rN+)
You are resistant to electric shocks. (rElec)
You are resistant to unholy torment.
You are immune to petrification.


Message History

Press: ? - help, Shift-Dir - straight line, f - hobgoblin
Aim: a hobgoblin (strong, 79% to hit)
The blast of sand hits the hobgoblin!
You kill the hobgoblin!
Robin throws the goblin at you! The goblin hits you with a +0 club.
The goblin hits you but does no damage. The goblin hits you with a +0 club.
Casting: Sandblast (safe; 2% risk of failure)
Confirm with . or Enter, or press ? or * to list all spells.
Aiming: Sandblast (safe; 2% risk of failure)
Press: ? - help, Shift-Dir - straight line, f - goblin
Aim: a goblin, wielding a +0 club (strong, 74% to hit)
The blast of sand hits the goblin!
You kill the goblin!
The goblin hits you with a +0 club. The goblin hits you but does no damage.
Casting: Sandblast (safe; 2% risk of failure)
Confirm with . or Enter, or press ? or * to list all spells.
Aiming: Sandblast (safe; 2% risk of failure)
Press: ? - help, Shift-Dir - straight line, f - goblin
Aim: a goblin, wielding a +0 club (strong, 74% to hit)
The blast of sand misses the goblin. x2; The blast of sand hits Robin.
Robin is lightly wounded.
Robin throws the goblin at you! The goblin barely misses you. x2
The goblin hits you with a +0 club.
Casting: Sandblast (safe; 2% risk of failure)
Confirm with . or Enter, or press ? or * to list all spells.
Aiming: Sandblast (safe; 2% risk of failure)
Press: ? - help, Shift-Dir - straight line, f - goblin, p - goblin
Aim: a goblin, wielding a +0 club (strong, 74% to hit)
The blast of sand hits the goblin!!
You kill the goblin!
The goblin hits you with a +0 club.
* * * LOW HITPOINT WARNING * * *
The hobgoblin barely misses you. The goblin hits you with a +0 club.
* * * LOW HITPOINT WARNING * * *
Robin throws the goblin at you!
* * * LOW HITPOINT WARNING * * *
The goblin closely misses you.
Items here: ))) †.
The goblin attacks as you move away! The goblin hits you with a +0 club.
You die... #.....8#....... .... #............## .... #......#.....†. .... #......###..### ...# ###.....8###..##. #).# #.#8.8.8......#>. ggg

#.....###÷......) #.##.....#
#.###.... #gg@.....###)####...
####g....##....÷....
#............(..... #.
..#.....<......#######... #.#
##......#.......# ##..
###..##....)..........# #..
##.....................# #####..
#......................####......
............................###..


You could see Robin, 2 hobgoblins and 2 goblins.

Vanquished Creatures
  A worm (D:2)
  A dart slug (D:1)
  3 endoplasms
  3 giant cockroaches
  5 hobgoblins
  2 quokkas
  4 ball pythons
  2 bats (D:1)
  A frilled lizard (D:2)
  8 goblins
  8 kobolds
  5 rats
43 creatures vanquished.

Notes
Turn   | Place    | Note
-------+----------+-------------------------------------------
     0 | D:1      | gobodom the Gargoyle Earth Elementalist began the quest for
                  | the Orb.
     0 | D:1      | Reached XP level 1. HP: 10/10 MP: 3/3
   440 | D:1      | Reached XP level 2. HP: 15/15 MP: 3/5
   589 | D:1      | Reached skill level 4 in Earth Magic
   801 | D:1      | Reached XP level 3. HP: 19/19 MP: 2/6
  1746 | D:2      | Found a faded altar of an unknown god.
  1751 | D:2      | Noticed Robin
  1759 | D:2      | Slain by a goblin

Illustrated notes

Levels and vault maps discovered:
D:1:      erik_arrival_cave_to_civilisation [erik_arrival_cave_to_hall],
          layout_basic, minmay_hedge_maze
D:2:      layout_rooms, shapermc_ecumenical_altar_pompeii, uniq_robin

Skill      XL: |  1  2  3 |
---------------+----------+-----
Earth Magic    | 4 |  4.7
Dodging        | 2 |  2.0
Short Blades   | |  0.1
Stealth        | |  2.2
Spellcasting   | |  2.4
Transmutations | |  0.7

Action                   || total
-------------------------++-------
Melee: Short sword       ||     3
       Unarmed           ||     3
 Cast: Sandblast         ||    59
Armor: Robe              ||    13
Dodge: Dodged            ||    26

Table legend: (Time is in decaauts)
 A = Elapsed time spent in this place.
 B = Non-inter-level travel time spent in this place.
 C = Inter-level travel time spent in this place.
 D = Time resting spent in this place.
 E = Time spent auto-exploring this place.
 F = Levels seen in this place.
 G = Mean time per level.
                   A        B        C        D        E       F      G
               +--------+--------+--------+--------+--------+-----+--------+
         Total |   1817 |   1755 |     62 |    266 |   1053 |   2 |  908.5 |
       Dungeon |   1817 |   1755 |     62 |    266 |   1053 |   2 |  908.5 |
               +--------+--------+--------+--------+--------+-----+--------+

Top non-repeatable levels by time:
     D:1: 1332 daAuts
     D:2: 485 daAuts
